 Dungeon Sprint DCSS version 0.31-a0-325-g067879e3d3 (webtiles) character file.

Game seed: 2627465576058025078

11072 HallandMoats the Warrior (level 11, -7/114 HPs)
             Began as a Minotaur Monk on July 19, 2023.
             Was the Champion of Cheibriados.
             Mangled by an ancient champion
             ... wielding a +1 heavy great sword
              (39 damage)
             ... in the Dungeon (Sprint V: "Ziggurat Sprint").
             The game lasted 00:07:31 (754 turns).

HallandMoats the Warrior (Minotaur Monk)             Turns: 754, Time: 00:07:31

Health: -7/114     AC: 23    Str: 37    XL:     11   Next: 44%
Magic:  11/19      EV: 10    Int: 18    God:    Cheibriados [******]
Gold:   0          SH: 32    Dex: 27    Spells: 10/10 levels left

rFire   + + .        D - +16 obsidian axe {drain, demonic, Mesm Drain Fly SInv}
rCold   + + .        E - +18 shield of the Gong {Loud rN+ Will+ rCorr EV-5}
rNeg    + . .        k - +5 gold dragon scales
rPois   +            (helmet restricted)
rElec   .            (no cloak)
rCorr   +            (no gloves)
SInv    +            (no boots)
Will    ++++.        (no amulet) Stlth
                     a - ring "Hyunnosu" {rC+ Will++ rCorr Int-4 Dex+2}
HPRegen 0.39/turn    B - ring "Xiharuma" {rF+ Will+ Str+4 Dex-5}
MPRegen 0.16/turn

%: no teleportation
@: flying, mesmerised, studying 2 skills, very slow
A: horns 2, retaliatory headbutt
a: Renounce Religion, Bend Time, Temporal Distortion, Slouch, Step From Time


You were in the Dungeon.
You worshipped Cheibriados.
Cheibriados was exalted by your worship.
You visited 1 branch

Inventory:

Hand Weapons
 w - the +7 sceptre of Torment {pain, torment}
   (You found it in the Dungeon)
 D - the +16 obsidian axe (weapon) {drain, demonic, Mesm Drain Fly SInv}
   (You found it in the Dungeon)

   Mesm:      Its wielder is mesmerised by any visible foes, and it cannot be
   unequipped while any foes are visible.
   SInv:      It lets you see invisible.
   Fly:       It grants you flight.
   Drain:     It drains your maximum health when unequipped.
Armour
 k - +5 gold dragon scales (worn)
 E - the +18 shield of the Gong (worn) {Loud rN+ Will+ rCorr EV-5}
   (You found it in the Dungeon)

   Loud:      It is deafeningly noisy when blocking attacks.
   EV:        It affects your evasion (-5).
   rN:        It protects you from negative energy.
   rCorr:     It protects you from acid and corrosion.
   Will:      It increases your willpower.
Jewellery
 a - the ring "Hyunnosu" (left hand) {rC+ Will++ rCorr Int-4 Dex+2}
   (You acquired it in the Dungeon)

   [ring of protection from cold]

   Int:       It affects your intelligence (-4).
   Dex:       It affects your dexterity (+2).
   rC:        It protects you from cold.
   rCorr:     It protects you from acid and corrosion.
   Will:      It greatly increases your willpower.
 y - the ring "Porut" {rF+ Str+3 SInv}
   (You found it in the Dungeon)

   [ring of see invisible]

   Str:       It affects your strength (+3).
   rF:        It protects you from fire.
   SInv:      It lets you see invisible.
 A - the ring of Gozag's Esteem {rF+ rCorr Str+3 Int+2}
   (You found it in the Dungeon)

   [ring of resist corrosion]

   Str:       It affects your strength (+3).
   Int:       It affects your intelligence (+2).
   rF:        It protects you from fire.
   rCorr:     It protects you from acid and corrosion.
 B - the ring "Xiharuma" (right hand) {rF+ Will+ Str+4 Dex-5}
   (You found it in the Dungeon)

   [ring of willpower]

   Str:       It affects your strength (+4).
   Dex:       It affects your dexterity (-5).
   rF:        It protects you from fire.
   Will:      It increases your willpower.
Wands
 d - a wand of paralysis (11)
 o - a wand of flame (3)
 u - a wand of mindburst (7)
 v - a wand of quicksilver (9)
 x - a wand of polymorph (7)
 z - a wand of roots (12)
Scrolls
 b - 2 scrolls of brand weapon
 j - 4 scrolls of blinking
 q - 4 scrolls of amnesia
 r - 7 scrolls of fog
 s - 5 scrolls of identify
 t - 2 scrolls of fear
Potions
 c - a potion of ambrosia
 e - 8 potions of curing
 f - 10 potions of heal wounds
 g - 6 potions of haste
 h - 7 potions of magic
 i - 3 potions of berserk rage
 l - 2 potions of brilliance
 m - 2 potions of invisibility
 n - 4 potions of resistance
 p - 5 potions of might


   Skills:
 * Level 16.1 Fighting
 * Level 16.0 Axes
 + Level 11.3 Armour
 + Level 10.5 Dodging
 + Level 10.8 Shields
 * Level 13.3 Invocations


You had 10 spell levels left.
You didn't know any spells.
Your spell library contained the following spells:

 Spells                   Type           Power      Damage    Failure   Level
 Ensorcelled Hibernation  Hex/Ice        0%         N/A       99%         2
 Momentum Strike          Conj/Tloc      0%         3d8       99%         2
 Sublimation of Blood     Necr           0%         N/A       99%         2
 Dazzling Flash           Conj/Hex       0%         N/A       100%        3
 Hailstorm                Conj/Ice       0%         3d3       100%        3
 Vhi's Electric Charge    Tloc/Air       0%         N/A       100%        3
 Volatile Blastmotes      Fire/Tloc      0%         2d10      100%        3
 Anguish                  Hex/Necr       0%         N/A       100%        4
 Petrify                  Tmut/Erth      0%         N/A       100%        4
 Irradiate                Conj/Tmut      0%         3d11      100%        5
 Starburst                Conj/Fire      0%         6d3       100%        6
 Malign Gateway           Summ/Tloc      0%         N/A       100%        7
 Disjunction              Tloc           0%         N/A       100%        8
 Ignition                 Fire           0%         3d3       100%        8
 Lehudib's Crystal Spear  Conj/Erth      0%         10d2      100%        8
 Maxwell's Capacitive Co  Air            0%         ∞         100%        8


Dungeon Overview and Level Annotations

Branches:
Dungeon (1/1)

Altars:
Ashenzari
Cheibriados
Dithmenos
Elyvilon
Fedhas
Gozag
Hepliaklqana
Kikubaaqudgha
Makhleb
Nemelex Xobeh
Okawaru
Qazlal
Ru
Sif Muna
Trog
Uskayaw
Vehumet
Wu Jian
Xom
Yredelemnul
Zin
The Shining One
Jiyva
Lugonu


Innate Abilities, Weirdness & Mutations

You have a pair of horns on your head.
You reflexively headbutt those who attack you in melee.


Message History

The tormentor roars! x2
The quicksilver elemental breathes dispelling energy at you.
The bolt of dispelling energy misses you.
The tormentor calls on the powers of darkness!
Your body is wracked with pain!
Unknown command.
Activating: Slouch (0% risk of failure)
Press: ? - help, Dir - look around, f - activate You can feel time thicken for a moment.
Visions of slaying the war gargoyle flood into your mind.
The war gargoyle launches metal splinters at you.
The spray of metal splinters hits you!
The tormentor calls on the powers of darkness!
Your body is wracked with pain!
* * * LOW HITPOINT WARNING * * *
Unknown command.
Unknown command.
Unknown command.
Unknown command.
You feel much better.
The tormentor calls on the powers of darkness!
Your body is wracked with pain!
* * * LOW HITPOINT WARNING * * *
The tormentor calls on the powers of darkness!
Your body is wracked with pain!
* * * LOW HITPOINT WARNING * * *
The war gargoyle hits you with a +0 dire flail.
* * * LOW HITPOINT WARNING * * *
The ancient champion mumbles some strange words.
The ancient champion seems to speed up.
Unknown command.
Unknown command.
Unknown command.
Unknown command.
You feel much better.
Visions of slaying the ancient champion flood into your mind.
You block the war gargoyle's attack.
GONNNNG!
The ancient champion hits you with a +1 heavy great sword!!!
You die...

▓...8©8...▓.
▓..|)":||.▓....|))..▓.
▓..?)=[)..▓...).[)..▓.
▓.........▓.........▓.
▓......2..▓...).....▓.
▓...z9.9..▓..|.†)...▓.
▓..2zE9...▓.........▓.
▓..▓z9z▓..▓....)....▓.
▓.▓..@..▓.▓.▓.....▓.▓.
▓....©....▓....©....▓▓
▓▓▓▓▓▓▓▓▓▓▓▓▓▓▓▓▓▓▓▓▓


You could see an iron golem, a quicksilver elemental, 4 ancient champions, 3 war
gargoyles and 2 tormentors.

Vanquished Creatures
  A spriggan air mage (D)
  3 spriggan berserkers (D)
  3 cane toads (D)
  2 yaktaurs (D)
  A rime drake (D)
  A freezing wraith (D)
  A komodo dragon (D)
  A guardian mummy (D)
  2 ice devils (D)
  A raiju (D)
  A slime creature (D)
  A yak (D)
  A golden eye (D)
  2 ushabtiu (D)
  A large abomination (D)
  A water moccasin (D)
  A hell hound (D)
  An ice beast (D)
  A wolf (D)
  A centaur (D)
  A bullfrog (D)
  2 quasits (D)
  A crimson imp (D)
  2 iron imps (D)
  3 orc wizards (D)
  5 white imps (D)
  An ufetubus (D)
  An adder skeleton (D)
  3 orcs (D)
  A ball python simulacrum (D)
  A jackal zombie (D)
  A quokka simulacrum (D)
49 creatures vanquished.

Vanquished Creatures (collateral kills)
  An ice devil (D)
  A freezing wraith (D)
  A guardian mummy (D)
  An ushabti (D)
  A jelly (D)
  2 orc priests (D)
  A white imp (D)
  An ufetubus (D)
  An orc (D)
  A bat skeleton (D)
  An endoplasm (D)
  A ball python simulacrum (D)
13 creatures vanquished.

Vanquished Creatures (others)
  A mummy priest (D)
  An ushabti (D)
2 creatures vanquished.

Grand Total: 64 creatures vanquished

Notes
Turn   | Place    | Note
-------+----------+-------------------------------------------
     0 | D        | HallandMoats the Minotaur Monk began the quest for the Orb.
     0 | D        | Reached XP level 1. HP: 19/19 MP: 0/0
     5 | D        | Found a shimmering blue altar of Sif Muna.
     5 | D        | Found a sacrificial altar of Ru.
     5 | D        | Found a bloodstained altar of Trog.
     5 | D        | Found a stormy altar of Qazlal.
     5 | D        | Found an iron altar of Okawaru.
     5 | D        | Found a sparkling altar of Nemelex Xobeh.
     5 | D        | Found a blossoming altar of Fedhas.
     5 | D        | Found the +6 Majin-Bo {spellvamp, MP+6 Int+6}
     5 | D        | Found the +27 heavy crossbow "Sniper" {heavy, Acc+∞ SInv}
     5 | D        | Found the +10 dark maul {heavy}
     5 | D        | Found the +15 Maxwell's patent armour {-Cast -Tele rElec
                  | Will+ rCorr}
     5 | D        | Found the +18 shield of the Gong {Loud rN+ Will+ rCorr
                  | EV-5}
     5 | D        | Found the +16 obsidian axe {drain, demonic, Mesm Drain Fly
                  | SInv}
     5 | D        | Found the +7 great mace "Firestarter" {flame, immolate,
                  | rFlCloud rF++}
     5 | D        | Found the +6 shillelagh "Devastator" {shatter}
     5 | D        | Found the +11 plutonium sword {Contam Stlth-}
     5 | D        | Found the +8 lance "Wyrmbane" {slay drac, rPois rF+ rC+
                  | AC+3}
     5 | D        | Found the +9 sword of Zonguldrok {reap}
     5 | D        | Found the +13 scythe of Curses {drain, curses, Drain}
     5 | D        | Found the +9 sword of Power {lifebolt}
     5 | D        | Found the +7 mace of Variability {chaos, chaos arc}
     5 | D        | Found the +11 Singing Sword {sonic wave}
     5 | D        | Found the +8 storm bow {elec, penet}
     7 | D        | Found a transporter.
     7 | D        | Found an ancient bone altar of Kikubaaqudgha.
     7 | D        | Found a viscous altar of Jiyva.
     7 | D        | Found a corrupted altar of Lugonu.
     7 | D        | Found a hazy altar of Hepliaklqana.
     7 | D        | Found a burning altar of Makhleb.
     7 | D        | Found an opulent altar of Gozag.
    39 | D        | Became a worshipper of Cheibriados the Contemplative
    39 | D        | Reached * piety under Cheibriados
    39 | D        | Reached ** piety under Cheibriados
    79 | D        | Entered arena 2.
    79 | D        | Noticed a wolf
    79 | D        | Noticed a bullfrog
    79 | D        | Found a transporter.
    80 | D        | Killed a bullfrog
    81 | D        | Reached skill level 5 in Fighting
    81 | D        | Reached skill level 5 in Axes
    81 | D        | Reached XP level 2. HP: 24/29 MP: 0/3
    81 | D        | Reached XP level 3. HP: 30/36 MP: 0/4
    83 | D        | Killed a wolf
    83 | D        | Reached *** piety under Cheibriados
    84 | D        | Reached XP level 4. HP: 22/45 MP: 0/6
    84 | D        | Reached XP level 5. HP: 25/51 MP: 0/7
   373 | D        | Acquired the ring "Hyunnosu" {rC+ Will++ rCorr Int-4 Dex+2}
   378 | D        | Entered arena 3.
   378 | D        | Noticed a yaktaur
   378 | D        | Noticed a yaktaur
   378 | D        | Noticed a centaur
   378 | D        | Found a transporter.
   381 | D        | Killed a centaur
   382 | D        | Reached skill level 5 in Dodging
   382 | D        | Reached skill level 5 in Invocations
   383 | D        | Killed a yaktaur
   384 | D        | Reached skill level 5 in Armour
   384 | D        | Reached skill level 5 in Shields
   384 | D        | Reached XP level 6. HP: 59/63 MP: 7/10
   385 | D        | Killed a yaktaur
   386 | D        | Reached skill level 10 in Fighting
   386 | D        | Reached skill level 10 in Axes
   386 | D        | Reached XP level 7. HP: 69/72 MP: 7/11
   390 | D        | Entered arena 4.
   390 | D        | Found a transporter.
   392 | D        | Reached **** piety under Cheibriados
   398 | D        | Got Duadghez's Vellum of Dislocation
   405 | D        | Entered arena 5.
   405 | D        | Noticed a golden eye
   405 | D        | Noticed a slime creature
   405 | D        | Found a transporter.
   409 | D        | Reached ***** piety under Cheibriados
   411 | D        | Killed a slime creature
   412 | D        | Killed a golden eye
   413 | D        | Reached XP level 8. HP: 81/81 MP: 11/13
   418 | D        | Entered arena 6.
   418 | D        | Found the +7 sceptre of Torment {pain, torment}
   418 | D        | Found a transporter.
   431 | D        | Entered arena 7.
   431 | D        | Noticed a freezing wraith
   431 | D        | Noticed an ice devil
   431 | D        | Noticed an ice devil
   432 | D        | Found a transporter.
   435 | D        | Killed an ice devil
   435 | D        | Reached ****** piety under Cheibriados
   436 | D        | Killed a freezing wraith
   439 | D        | Killed an ice devil
   450 | D        | Entered arena 8.
   450 | D        | Noticed a raiju
   451 | D        | Found a transporter.
   455 | D        | Reached XP level 9. HP: 83/90 MP: 15/15
   468 | D        | Entered arena 9.
   469 | D        | Found a transporter.
   474 | D        | Reached skill level 10 in Invocations
   480 | D        | Got the ring "Porut" {rF+ Str+3 SInv}
   491 | D        | Got the Guide on the Impact and Oxidation
   496 | D        | Entered arena 10.
   496 | D        | Noticed a mummy priest
   496 | D        | Noticed a guardian mummy
   496 | D        | Noticed a guardian mummy
   497 | D        | Found a transporter.
   499 | D        | Noticed an ice devil
   506 | D        | Reached XP level 10. HP: 79/101 MP: 15/17
   516 | D        | Killed a mummy priest
   697 | D        | Entered arena 11.
   698 | D        | Found a transporter.
   705 | D        | Reached skill level 10 in Armour
   712 | D        | Got the ring of Gozag's Esteem {rF+ rCorr Str+3 Int+2}
   720 | D        | Entered arena 12.
   720 | D        | Noticed a spriggan berserker
   720 | D        | Noticed a cane toad
   720 | D        | Noticed a spriggan berserker
   720 | D        | Noticed a spriggan berserker
   720 | D        | Noticed a cane toad
   721 | D        | Noticed a spriggan air mage
   721 | D        | Noticed a cane toad
   723 | D        | Noticed a death yak
   723 | D        | Noticed a death yak
   723 | D        | Killed a spriggan berserker
   723 | D        | Killed a cane toad
   723 | D        | Killed a cane toad
   723 | D        | Killed a spriggan berserker
   723 | D        | Killed a cane toad
   723 | D        | Killed a spriggan air mage
   723 | D        | Killed a spriggan berserker
   724 | D        | Reached skill level 15 in Axes
   724 | D        | Reached skill level 10 in Dodging
   724 | D        | Reached skill level 10 in Shields
   724 | D        | Reached XP level 11. HP: 91/114 MP: 8/19
   727 | D        | Found a transporter.
   738 | D        | Got the ring "Xiharuma" {rF+ Will+ Str+4 Dex-5}
   750 | D        | Entered arena 13.
   750 | D        | Noticed an ancient champion
   750 | D        | Noticed an ancient champion
   750 | D        | Noticed an ancient champion
   750 | D        | Noticed a war gargoyle
   750 | D        | Noticed an iron golem
   751 | D        | Noticed a war gargoyle
   751 | D        | Noticed an ancient champion
   751 | D        | Noticed a war gargoyle
   751 | D        | Noticed a quicksilver elemental
   754 | D        | Mangled by an ancient champion

Illustrated notes

Levels and vault maps discovered:
D:        sprint_v [room_start, room_1, room_2, room_3, room_4, room_5, room_6,
          room_7, room_8, room_9, room_10, room_11, room_12, room_13, room_14,
          room_15, room_16, room_17, room_18, room_19, room_20, room_21,
          room_22, room_23, room_24, room_25, room_26, room_27]

Skill      XL: |  1  2  3  4  5  6  7  8  9 10 11 |
---------------+----------------------------------+-----
Fighting       | 5 6 9 10 12 13 16 | 16.1
Axes           | 5 6 9 10 12 13 15 16 | 16.0
Armour         | 2 3 5 6 7 8 11 | 11.3
Dodging        | 4 6 7 8 10 | 10.5
Shields        | 2 3 5 6 7 8 10 | 10.8
Invocations    | 3 4 6 7 8 9 10 13 | 13.3

Action                     |  1- 3 |  4- 6 |  7- 9 | 10-12 || total
---------------------------+-------+-------+-------+-------++-------
  Melee: Broad axe         |     4 |     5 |    28 |    15 ||    52
         Headbutt          |     1 |     1 |     7 |     4 ||    13
 Invoke: Slouch            |       |       |       |     3 ||     3
         Step From Time    |       |       |       |     1 ||     1
    Use: Scroll            |       |     1 |       |       ||     1
         Potion            |       |       |     4 |     7 ||    11
 Armour: Gold dragon scale |     1 |     4 |    21 |    16 ||    42
  Dodge: Dodged            |       |       |    12 |     6 ||    18
  Block: Kite shield       |     3 |     9 |    52 |    47 ||   111

Table legend: (Time is in decaauts)
 A = Elapsed time spent in this place.
 B = Non-inter-level travel time spent in this place.
 C = Inter-level travel time spent in this place.
 D = Time resting spent in this place.
 E = Time spent auto-exploring this place.
 F = Levels seen in this place.
 G = Mean time per level.
                   A        B        C        D        E       F      G
               +--------+--------+--------+--------+--------+-----+--------+
         Total |    882 |    882 |      0 |    452 |      0 |   1 |  882.0 |
       Dungeon |    882 |    882 |      0 |    452 |      0 |   1 |  882.0 |
               +--------+--------+--------+--------+--------+-----+--------+

Top non-repeatable levels by time:
       D: 882 daAuts
